 Dungeon Crawl Stone Soup version 0.31-a0-801-gc67433417a (webtiles) character file.

Game seed: 8441178157490882111

30 Essalna the Digger (level 3, 24/24 HPs)
             Began as a Demonspawn Earth Elementalist on Sept 20, 2023.
             Got out of the dungeon alive.
             The game lasted 00:01:56 (626 turns).

Essalna the Digger (Demonspawn Earth Elementalist)   Turns: 626, Time: 00:01:57

Health: 24/24      AC:  2    Str:  8    XL:     3   Next: 5%
Magic:  7/7        EV: 12    Int: 20    God:
Gold:   27         SH:  0    Dex: 13    Spells: 6/7 levels left

rFire   . . .        c - +0 war axe
rCold   . . .        (no shield)
rNeg    . . .        a - +0 robe
rPois   .            (no helmet)
rElec   .            (no cloak)
rCorr   .            (no gloves)
SInv    .            (no boots)
Will    .....        (no amulet)
Stlth   ++           (no ring)
HPRegen 0.24/turn    (no ring)
MPRegen 0.10/turn

%: no passive effects
@: no status effects
A: claws 1, big brain 1
a: no special abilities


You escaped.
You visited 1 branch of the dungeon, and saw 1 of its levels.

You collected 27 gold pieces.

Inventory:

Hand Weapons
 c - a +0 war axe (weapon)
Missiles
 g - 2 throwing nets
Armour
 a - a +0 robe (worn)
 f - a +0 helmet
Scrolls
 d - a scroll of silence {unknown}
 h - a scroll of fear {unknown}
Potions
 b - a potion of magic
 e - 2 potions of brilliance {unknown}
 i - a potion of attraction {unknown}


   Skills:
 - Level 1.7 Dodging
 - Level 1.7 Stealth
 + Level 2.7 Spellcasting
 - Level 0.8 Transmutations
 + Level 3.3 Earth Magic


You had 6 spell levels left.
You knew the following spells:

 Your Spells              Type           Power      Damage    Failure   Level
a - Sandblast             Erth           32%        2d9       3%          1

Your spell library contained the following spells:

 Spells                   Type           Power      Damage    Failure   Level
 Passwall                 Tmut/Erth      9%         N/A       10%         2
 Stone Arrow              Conj/Erth      18%        3d8       22%         3
 Petrify                  Tmut/Erth      11%        N/A       52%         4
 Brom's Barrelling Bould  Conj/Erth      9%         2d3       58%         4


Dungeon Overview and Level Annotations

Branches:
Dungeon (1/15)

Altars:


Innate Abilities, Weirdness & Mutations

You have sharp fingernails.
You have an unusually large brain. (Int +2)


Message History

Key pressed, stopping explore.
Key pressed, stopping explore.
Key pressed, stopping explore.
Key pressed, stopping explore.
An endoplasm comes into view.
Found a scroll labelled CIR HUFYTALU.
An endoplasm is nearby!
An endoplasm is nearby!
The endoplasm quivers.
The hobgoblin shouts!
A goblin comes into view. It is wielding a +0 club.
The goblin shouts!
Found a scroll labelled XINYNYL KYDANN.
You see here a scroll labelled LYNLE NAOSA.
You hit the endoplasm.
The endoplasm is lightly wounded.
The endoplasm closely misses you. x2
You hit the endoplasm.
The endoplasm is severely wounded.
The endoplasm closely misses you.
You hit the endoplasm.
You kill the endoplasm!
The goblin hits you with a +0 club.
You slash the goblin!
You kill the goblin!
You have reached level 3!
Your experience leads to an increase in your attributes!
Increase (S)trength, (I)ntelligence, or (D)exterity?
You feel clever. x2; Your demonic ancestry asserts itself...
Your fingernails lengthen.
The blast of sand hits the hobgoblin!
You kill the hobgoblin!
You can't see any susceptible monsters within range! (Use Z to cast anyway.)
You can't see any susceptible monsters within range! (Use Z to cast anyway.)
You can't see any susceptible monsters within range! (Use Z to cast anyway.)
Things that are here:
a +0 club; a hobgoblin corpse; a goblin corpse
There is an open door here.
There is a staircase leading out of the dungeon here.
You have escaped!

#^.# #...........# ##.#
#..........##
#.#########>.........#
######....................#
.)........................#
......####.##..#..........#
.#..### #.#########.######
.##.######.#>##### #.#
###.....####....@###.#
#######†...#.#####...##
.....##)####'# ##...#
.....##......## ##..#
........###...## ##.#
...............### #?#
.....#######.....####)#####
.....# ###............#
.....# ####.........#


There were no monsters in sight!

Vanquished Creatures
  A dart slug (D:1)
  3 ball pythons (D:1)
  3 endoplasms (D:1)
  2 giant cockroaches (D:1)
  3 hobgoblins (D:1)
  3 kobolds (D:1)
  2 quokkas (D:1)
  3 bats (D:1)
  A frilled lizard (D:1)
  3 goblins (D:1)
24 creatures vanquished.

Notes
Turn   | Place    | Note
-------+----------+-------------------------------------------
     0 | D:1      | Essalna the Demonspawn Earth Elementalist began the quest
                  | for the Orb.
     0 | D:1      | Reached XP level 1. HP: 13/13 MP: 3/3
   102 | D:1      | Reached skill level 3 in Earth Magic
   113 | D:1      | Gained mutation: You have an unusually large brain. (Int
                  | +2) [demonic ancestry]
   113 | D:1      | Reached XP level 2. HP: 17/19 MP: 3/5
   606 | D:1      | Gained mutation: You have sharp fingernails. [demonic
                  | ancestry]
   606 | D:1      | Reached XP level 3. HP: 19/24 MP: 7/7
   626 | D:$      | Got out of the dungeon alive.

Illustrated notes

Levels and vault maps discovered:
D:1:      amcnicky_arrival_choice, layout_rooms

Skill      XL: |  1 |
---------------+----+-----
Earth Magic    | 3 |  3.3
Dodging        | |  1.7
Stealth        | |  1.7
Spellcasting   | |  2.7
Transmutations | |  0.8

Action                     || total
---------------------------++-------
  Melee: War axe           ||    36
   Cast: Sandblast         ||    19
 Armour: Robe              ||    39
  Dodge: Dodged            ||    49

Table legend: (Time is in decaauts)
 A = Elapsed time spent in this place.
 B = Non-inter-level travel time spent in this place.
 C = Inter-level travel time spent in this place.
 D = Time resting spent in this place.
 E = Time spent auto-exploring this place.
 F = Levels seen in this place.
 G = Mean time per level.
                   A        B        C        D        E       F      G
               +--------+--------+--------+--------+--------+-----+--------+
         Total |    653 |    635 |     18 |      0 |    464 |   1 |  653.0 |
       Dungeon |    653 |    635 |     18 |      0 |    464 |   1 |  653.0 |
               +--------+--------+--------+--------+--------+-----+--------+

Top non-repeatable levels by time:
     D:1: 653 daAuts
